 Dungeon Crawl Stone Soup version 0.22-a0-93-g6b88ebb (webtiles) character file.

1474 mortelune the Chiller (level 8, -1/54 HPs)
             Began as a Barachi Ice Elementalist on Jan 24, 2018.
             Was a Priest of Cheibriados.
             Slain by a hippogriff (6 damage)
             ... on level 7 of the Dungeon.
             The game lasted 00:31:02 (13003 turns).

mortelune the Chiller (Barachi Ice Elementalist)   Turns: 13003, Time: 00:31:03

Health: -1/54      AC:  2    Str: 20 (22) XL:     8   Next: 78%
Magic:  3/16       EV: 13    Int: 22 (25) God:    Cheibriados [***...]
Gold:   317        SH:  0    Dex: 18 (20) Spells: 1/18 levels left

rFire    . . .     SeeInvis +   t - staff of summoning
rCold    + . .     Gourm    .   (no shield)
rNeg     . . .     Faith    .   C - +0 robe {rC+}
rPois    .         Spirit   .   (no helmet)
rElec    .         Reflect  .   (no cloak)
rCorr    .         Harm     .   (no gloves)
MR       .....                  (no boots)
Stlth    ++........             (no amulet)
HPRegen  0.18/turn              q - ring of see invisible
MPRegen  0.15/turn              v - +3 ring of strength

@: very slow
A: +LOS, swims, slowness 1, strong legs 1
a: Hop, Bend Time, Temporal Distortion, Renounce Religion


You were on level 7 of the Dungeon.
You worshipped Cheibriados.
Cheibriados was most pleased with you.
You were very hungry.

You visited 1 branch of the dungeon, and saw 7 of its levels.
You also visited: Ossuary.

You collected 317 gold pieces.

Inventory:

Hand Weapons
 g - a +0 dagger
 l - a +1 short sword
 m - a +0 mace
 o - a +1 hunting sling of flaming
Missiles
 f - 2 silver javelins (quivered)
Armour
 a - a +0 robe
 i - a +0 leather armour
 C - a +0 robe of cold resistance (worn)
Magical Staves
 t - an uncursed staff of summoning (weapon)
 w - an uncursed staff of poison
Jewellery
 q - a ring of see invisible (left hand)
 v - a +3 ring of strength (right hand)
Wands
 A - a wand of acid (13)
Scrolls
 d - 3 scrolls of amnesia
 h - a scroll of fear
 j - 2 scrolls of teleportation
 n - a scroll of holy word {unknown}
 y - a scroll of enchant armour {unknown}
 z - 2 scrolls of remove curse
Potions
 r - a potion of haste {unknown}
 s - 5 potions of lignification
 x - a potion of brilliance
Books
 b - a book of Frost

   Spells                             Type                      Level
   a - Freeze                         Ice                          1
   b - Throw Frost                    Conjuration/Ice              2
   c - Ozocubu's Armour               Charms/Ice                   3
   d - Throw Icicle                   Conjuration/Ice              4
   e - Summon Ice Beast               Ice/Summoning                4
 B - a book of Geomancy

   Spells                             Type                      Level
   a - Sandblast                      Earth                        1
   b - Passwall                       Transmutation/Earth          2
   c - Stone Arrow                    Conjuration/Earth            3
   d - Petrify                        Transmutation/Earth          4
   e - Lee's Rapid Deconstruction     Earth                        5
Comestibles
 c - 8 rations


   Skills:
 + Level 1.4 Fighting
 - Level 2.1 Dodging
 - Level 1.7 Stealth
 + Level 5.9 Spellcasting
 * Level 3.6 Conjurations
 - Level 7.2 Summonings
 + Level 7.5 Ice Magic


You had one spell level left.
You knew the following spells:

 Your Spells              Type           Power        Failure   Level  Hunger
a - Freeze                Ice            ####         1%          1    None
b - Throw Frost           Conj/Ice       ####..       1%          2    None
c - Summon Ice Beast      Ice/Summ       ######..     4%          4    ###....
d - Throw Icicle          Conj/Ice       ####....     9%          4    ###....
e - Stone Arrow           Conj/Erth      ##....       13%         3    #......
z - Ozocubu's Armour      Chrm/Ice       ###.....     6%          3    #......


Dungeon Overview and Level Annotations

Branches:
Dungeon (7/15)             Temple (0/1) D:5

Altars:
Cheibriados
Gozag
Qazlal
Trog
Xom

Shops:
D:5 *

Annotations:
D:3 KristoblXynda's ghost, amateur DrGl


Innate Abilities, Weirdness & Mutations

Shadows flee at your approach. (+LOS)
You can swim through water.
You cover ground slowly.
You can hop short distances.


Message History

Press: ? - help, Shift-Dir - straight line, f/p - hippogriff
Aim: a hippogriff (moderately wounded)
You freeze the hippogriff.
The hippogriff is moderately wounded.
The hippogriff bites you! The hippogriff pecks you.
* * * LOW HITPOINT WARNING * * *
The hippogriff closely misses you.
Casting: Freeze
Confirm with . or Enter, or press ? or * to list all spells.
Aiming: Freeze
Press: ? - help, Shift-Dir - straight line, f/p - hippogriff
Aim: a hippogriff (moderately wounded)
You freeze the hippogriff.
The hippogriff is moderately wounded.
The hippogriff bites you.
* * * LOW HITPOINT WARNING * * *
The hippogriff pecks you.
* * * LOW HITPOINT WARNING * * *
The hippogriff claws you.
You die...

.. .)..
......#########.#..
#..g..H@........
#############)..
### ..# #.# #.#


You could see a hippogriff and a gnoll.

Vanquished Creatures
  2 sky beasts
  An ogre (D:4)
  A centaur (D:6)
  A big kobold (D:7)
  A bullfrog (D:6)
  4 crimson imps
  3 orc wizards
  2 orc priests
  2 iguanas
  2 worker ants (D:4)
  A big kobold zombie (Ossuary)
  A hound zombie (D:5)
  A howler monkey skeleton (D:5)
  7 adders
  A shadow imp (D:5)
  An ooze (D:2)
  3 worms (D:2)
  6 dart slugs
  5 leopard geckos
  12 orcs
  A giant cockroach (D:3)
  9 hobgoblins
  5 jackals
  2 quokkas
  2 ball pythons (D:2)
  10 bats
  4 frilled lizards
  5 goblins
  3 hobgoblin zombies (Ossuary)
  A jackal skeleton (D:4)
  A jackal zombie (D:5)
  12 kobolds
  3 kobold zombies (Ossuary)
  A leopard gecko skeleton (D:5)
  4 orc zombies (Ossuary)
  11 rats
  A rat zombie (Ossuary)
132 creatures vanquished.

Vanquished Creatures (collateral kills)
  A centaur (D:5)
  An elf zombie (Ossuary)
  A wyvern skeleton (D:6)
  4 orc priests
  2 human zombies (Ossuary)
  4 orc wizards
  3 iguanas (D:7)
  3 big kobold zombies (Ossuary)
  2 mummies (Ossuary)
  A shadow imp (D:5)
  2 adder zombies
  3 orcs
  A giant cockroach (D:5)
  7 hobgoblin zombies (Ossuary)
  4 kobold zombies (Ossuary)
  6 orc zombies (Ossuary)
  A rat zombie (Ossuary)
46 creatures vanquished.

Vanquished Creatures (others)
  An orc (D:6)
1 creature vanquished.

Grand Total: 179 creatures vanquished

Notes
Turn   | Place    | Note
-------+----------+-------------------------------------------
     0 | D:1      | mortelune the Barachi Ice Elementalist began the quest for the Orb.
     0 | D:1      | Reached XP level 1. HP: 13/13 MP: 3/3
   532 | D:1      | Reached XP level 2. HP: 19/19 MP: 0/5
   536 | D:1      | Learned a level 2 spell: Throw Frost
  1355 | D:1      | Reached XP level 3. HP: 23/24 MP: 5/7
  1360 | D:1      | Learned a level 3 spell: Ozocubu's Armour
  2604 | D:2      | Reached XP level 4. HP: 29/30 MP: 5/9
  3203 | D:2      | Reached skill level 5 in Ice Magic
  3544 | D:2      | Found a shimmering altar of Xom.
  3545 | D:2      | Found a shimmering altar of Xom.
  3548 | D:2      | Found a shimmering altar of Xom.
  4446 | D:2      | Learned a level 4 spell: Summon Ice Beast
  4839 | D:3      | Reached XP level 5. HP: 28/35 MP: 4/10
  5051 | D:3      | Reached skill level 1 in Summonings
  5512 | D:3      | Noticed KristoblXynda's ghost (amateur DrGl)
  6610 | D:4      | Noticed an ogre
  7268 | D:4      | Found a bloodstained altar of Trog.
  7357 | D:4      | Found a snail-covered altar of Cheibriados.
  7378 | D:4      | Became a worshipper of Cheibriados the Contemplative
  7793 | D:4      | Killed an ogre
  7793 | D:4      | Reached XP level 6. HP: 25/41 MP: 1/12
  8286 | D:5      | Entered Level 5 of the Dungeon
  8454 | D:5      | Reached * piety under Cheibriados
  8476 | D:5      | Reached XP level 7. HP: 46/46 MP: 8/14
  8551 | D:5      | Reached skill level 5 in Summonings
  8679 | D:5      | Reached skill level 5 in Spellcasting
  8779 | D:5      | Found an opulent altar of Gozag.
  8782 | D:5      | Found Gozag's Platinum Reserve.
  8803 | D:5      | Found a sand-covered staircase.
  8815 | D:5      | Reached ** piety under Cheibriados
  8825 | Ossuary  | Entered an ossuary
  8952 | Ossuary  | Learned a level 4 spell: Throw Icicle
 10004 | Ossuary  | Reached XP level 8. HP: 52/52 MP: 4/15
 10015 | Ossuary  | Reached *** piety under Cheibriados
 11114 | D:5      | Found a staircase to the Ecumenical Temple.
 11957 | D:6      | Found a stormy altar of Qazlal.
 12577 | D:7      | Learned a level 3 spell: Stone Arrow
 12652 | D:7      | Reached skill level 1 in Fighting
 12993 | D:7      | Noticed a hippogriff
 13003 | D:7      | Slain by a hippogriff

Vault maps used:
D:1:      nzn_arrival_depleted_hourglass
D:2:      xom_redecorated
D:3:      corexii_shack_village
D:4:      kennysheep_slug_shrine, old_standard_altar, first_ration,
          minmay_surrounded
D:5:      nicolae_gozag_zags_fifth_avenue, temple_statues,
          nicolae_ossuary_entry_monument
D:6:      nicolae_qazlal_eye_of_the_storm, lemuel_flamethrower_2
D:7:      zin_academy, nicolae_tso_swordbearing_angel, serial_shops,
          nicolae_shop_crystal
Ossuary:  ossuary_tomb_1

Skill      XL: |  1  2  3  4  5  6  7  8 |
---------------+-------------------------+-----
Ice Magic      | 4 5 6 7 |  7.5
Spellcasting   | 3 4 5 |  5.9
Summonings     | 3 4 6 7 |  7.2
Conjurations   | 3 |  3.6
Fighting       | 1 |  1.4
Dodging        | |  2.1
Stealth        | |  1.7

Action                   |  1- 3 |  4- 6 |  7- 9 || total
-------------------------+-------+-------+-------++-------
Melee: Unarmed           |     1 |       |       ||     1
       Short sword       |     1 |     4 |       ||     5
       Mace              |       |    17 |    86 ||   103
       Staff             |       |       |    11 ||    11
 Cast: Freeze            |    28 |    67 |    71 ||   166
       Throw Frost       |    21 |    51 |    30 ||   102
       Ozocubu's Armour  |       |     2 |     1 ||     3
       Summon Ice Beast  |       |       |    18 ||    18
       Throw Icicle      |       |       |    19 ||    19
 Abil: Hop               |       |     2 |     4 ||     6
  Use: Scroll            |       |    11 |     4 ||    15
       Potion            |       |       |     9 ||     9
  Eat: Chunk             |     7 |    14 |     2 ||    23
       Ration            |       |     3 |     2 ||     5
Armor: Robe              |     6 |     4 |     3 ||    13
       Leather armour    |       |     8 |    23 ||    31
Dodge: Dodged            |    27 |    48 |   142 ||   217

Table legend:
 A = Spawn XP
 B = Non-spawn XP
 C = Spawn XP percentage of total XP
 D = Spawn monster count
 E = Non-spawn monster count
 F = Spawn count percentage of total count
 G = Total turns spent on level
                    A         B        C        D         E        F      G
               +---------+---------+-------+---------+---------+-------+---------
         Total |       0 |    2106 |   0.0 |       0 |     178 |   0.0 | 13003
               +---------+---------+-------+---------+---------+-------+---------
           D:1 |       0 |      48 |   0.0 |       0 |      26 |   0.0 |  2061
           D:2 |       0 |      95 |   0.0 |       0 |      29 |   0.0 |  2889
           D:3 |       0 |      43 |   0.0 |       0 |      15 |   0.0 |  1788
           D:4 |       0 |     304 |   0.0 |       0 |      14 |   0.0 |  1548
           D:5 |       0 |     590 |   0.0 |       0 |      31 |   0.0 |  1180
           D:6 |       0 |     498 |   0.0 |       0 |       8 |   0.0 |  1226
           D:7 |       0 |     298 |   0.0 |       0 |      16 |   0.0 |   598
       Ossuary |       0 |     230 |   0.0 |       0 |      39 |   0.0 |  1713
               +---------+---------+-------+---------+---------+-------+---------
